Map: Ultralove

Players

Gery - Winner!

  • Race: Protoss Protoss
  • Spawn Location: 7:00

ManlyManMeat

  • Race: Zerg Zerg
  • League: Platinum
  • Spawn Location: 1:00

VOD

Have the link to the VOD?

Description

Time

  • Played on: June 20, 2025, 11:27 a.m.
  • Length: 9:27
Show
View Real Time Build Order
Export as new Build Order

Gery Protoss - Winner!

Build Orders: 1 Gate Expand, Oracle Opening 

Get SALT Encoding   

  12  0:00  Probe  
  13  0:12  Probe  
  14  0:18  Pylon  
  14  0:24  Probe  
  15  0:30  Assimilator  
  15  0:36  Probe  
  16  0:44  Gateway  
  16  0:45  Probe  
  17  0:53  Probe  
  18  1:03  Probe  
  19  1:15  Probe  
  20  1:24  Nexus  
  20  1:28  Assimilator  
  21  1:32  Probe  
  21  1:38  Pylon  
  21  1:44  Probe  
  22  1:56  Zealot  
  22  1:57  Probe  
  25  2:02  Cybernetics Core  
  25  2:09  Probe  
  26  2:16  Gateway  
  26  2:21  Probe  
  27  2:32  Probe  
  27  2:33  Probe  
  29  2:38  Adept  
  29  2:41  Shield Battery  
  29  2:43  Shield Battery, Probe  
  31  2:44  Warp Gate  
  31  2:45  Probe  
  33  2:53  Stargate  
  33  2:54  Probe  
  33  2:58  Probe  
  35  3:07  Probe  
  35  3:11  Probe, Stalker  
  39  3:19  Probe  
  40  3:23  Probe  
  41  3:28  Oracle  
  41  3:30  Assimilator  
  41  3:31  Pylon, Probe  
  41  3:33  Assimilator  
  42  3:35  Probe  
  46  3:46  Pylon  
  46  3:49  Probe  
  47  3:59  Probe  
  47  4:01  Probe  
  49  4:04  Fleet Beacon  
  49  4:14  Probe x2  
  51  4:19  Stargate  
  51  4:26  Probe  
  52  4:43  Probe x2  
  54  4:47  Adept x2  
  58  4:55  Pylon, Probe  
  59  5:00  Protoss Air Weapons Level 1  
  59  5:01  Nexus  
  59  5:02  Pylon  
  59  5:03  Carrier  
  59  5:11  Probe  
  66  5:18  Probe  
  66  5:20  Shield Battery, Carrier  
  67  5:21  Pylon  
  67  5:24  Pylon, Probe  
  74  5:30  Probe  
  74  5:35  Stalker  
  77  5:57  Carrier  
  77  6:00  Probe x2  
  77  6:04  Twilight Council  
  79  6:06  Forge  
  79  6:09  Gateway  
  79  6:10  Gateway  
  85  6:12  Probe x2  
  85  6:14  Probe  
  88  6:24  Probe x2  
  90  6:26  Probe  
  90  6:28  Pylon, Forge  
  90  6:31  Twilight Council  
  91  6:33  Gateway  
  91  6:35  Shield Battery  
  91  6:36  Probe x2  
  91  6:38  Probe  
  94  6:49  Stalker x2  
  94  6:50  Probe x3  
  101  7:02  Probe  
  102  7:43  Carrier x2  
  114  7:44  Resonating Glaives  
  114  7:48  Adept  
  114  7:50  Probe  
  114  7:51  Pylon  
  117  7:53  Robotics Facility  
  117  7:54  Pylon  
  117  7:56  Assimilator  
  117  7:57  Pylon  
  117  7:58  Assimilator  
  117  8:09  Probe x3  
  120  8:21  Probe  
  120  8:23  Adept x3  
  120  8:24  Adept x2  
  131  8:44  Probe x3  
  131  8:48  Templar Archives  
  134  8:52  Gateway  
  134  8:53  Gateway  
  134  8:54  Adept x3  
  140  8:56  Probe  
  141  9:11  Probe  
  127  9:27  Adept  
Show
View Real Time Build Order
Export as new Build Order

ManlyManMeat Zerg 

Build Orders: Hatch First 

Get SALT Encoding   

  12  0:00  Drone  
  13  0:16  Overlord  
  13  0:22  Drone  
  14  0:34  Drone  
  15  0:43  Drone  
  15  0:47  Hatchery  
  15  0:55  Drone  
  16  1:08  Drone  
  17  1:12  Spawning Pool  
  17  1:13  Extractor  
  17  1:16  Drone  
  16  1:26  Drone  
  17  1:37  Drone  
  18  1:50  Drone  
  19  2:01  Queen x2  
  19  2:03  Zergling x4  
  25  2:11  Drone x2  
  25  2:13  Metabolic Boost  
  27  2:20  Overlord  
  27  2:27  Drone  
  28  2:44  Queen  
  28  2:46  Overlord  
  28  2:47  Drone x2  
  28  2:48  Drone  
  33  3:03  Drone x2  
  33  3:04  Drone  
  36  3:19  Drone x4  
  41  3:20  Drone  
  41  3:25  Overlord  
  41  3:27  Overlord  
  41  3:30  Hatchery  
  40  3:38  Zergling x4  
  42  3:41  Drone  
  42  3:45  Lair  
  42  3:54  Zergling x8  
  45  4:04  Spore Crawler  
  45  4:05  Spore Crawler  
  45  4:07  Drone  
  45  4:08  Drone x3  
  47  4:13  Roach Warren  
  46  4:36  Drone x4  
  46  4:37  Drone x2  
  50  4:53  Roach x4  
  50  4:57  Overseer  
  50  4:59  Overlord x2  
  58  5:11  Hydralisk Den  
  58  5:12  Extractor  
  56  5:14  Drone, Extractor  
  56  5:15  Drone x2  
  56  5:16  Drone, Extractor  
  56  5:18  Drone x2  
  56  5:20  Drone x3  
  63  5:24  Extractor x2  
  61  5:29  Overlord x3  
  61  5:30  Overlord  
  61  5:35  Roach x4  
  68  5:46  Glial Reconstitution  
  66  5:56  Drone x2  
  66  5:57  Drone x4  
  71  6:09  Hydralisk x5  
  81  6:21  Zergling x2  
  81  6:22  Zergling x4  
  84  6:27  Drone x3  
  84  6:28  Drone x2  
  84  6:29  Drone  
  90  6:36  Queen x2  
  94  6:52  Hydralisk x5  
  102  7:05  Overlord x3  
  102  7:06  Overlord  
  94  7:21  Hydralisk x3  
  94  7:31  Muscular Augments  
  94  7:34  Hydralisk x10  
  109  7:42  Overseer  
  109  7:43  Hydralisk x2  
  113  7:59  Hydralisk x3  
  113  8:00  Hydralisk x3  
  125  8:13  Hydralisk x2  
  125  8:15  Overlord x3  
  129  8:26  Evolution Chamber  
  128  8:28  Evolution Chamber  
  127  8:38  Hydralisk x3  
  133  8:48  Queen x2  
  137  9:02  Hatchery  
Tags
 
Add a new tag
Caveats
  • Supply blocks, unpowered buildings, or Contaminate may cause inaccurate times.
  • Supply counts are checked every 10 seconds.